 Dungeon Crawl Stone Soup version 0.27.0-1-g7a089689b8 (webtiles) character file.

Game seed: 1485714237886830656

37 theswoord the Twirler (level 3, -8/27 HPs)
             Began as a Demonspawn Gladiator on Aug 5, 2021.
             Mangled by Sigmund (10 damage)
             ... on level 2 of the Dungeon.
             The game lasted 00:02:24 (1033 turns).

theswoord the Twirler (Demonspawn Gladiator)        Turns: 1033, Time: 00:02:24

Health: -8/27      AC:  9    Str: 15    XL:     3   Next: 21%
Magic:  3/3        EV:  7    Int:  9    God:
Gold:   73         SH:  0    Dex: 14    Spells: 2/2 levels left

rFire    . . .     SeeInvis .   a - +0 quarterstaff
rCold    . . .     Faith    .   (shield currently unavailable)
rNeg     . . .     Spirit   .   g - +0 chain mail
rPois    .         Reflect  .   c - +0 helmet
rElec    .         Harm     .   (no cloak)
rCorr    .         Rampage  .   (no gloves)
Will     .....                  (no boots)
Stlth    ..........             (no amulet)
HPRegen  0.09/turn              (no ring)
MPRegen  0.08/turn              (no ring)

@: no status effects
A: spiny 1
a: no special abilities


You were on level 2 of the Dungeon.
You visited 1 branch of the dungeon, and saw 2 of its levels.

You collected 73 gold pieces.

Inventory:

Hand Weapons
 a - a +0 quarterstaff (weapon)
Armour
 b - a +0 leather armour
 c - a +0 helmet (worn)
 g - a +0 chain mail (worn)
Jewellery
 h - a ring of wizardry
 j - a ring of magical power
Scrolls
 i - 2 scrolls of immolation {unknown}
 k - a scroll of magic mapping {unknown}


   Skills:
 - Level 2.0 Fighting
 + Level 4.0 Staves
 - Level 1.7 Throwing
 - Level 2.6 Dodging


You had 2 spell levels left.
You didn't know any spells.
Your spell library was empty.

Dungeon Overview and Level Annotations

Branches:
Dungeon (2/15)

Altars:

Shops:
D:1 (

Annotations:
D:2 Sigmund


Innate Abilities, Weirdness & Mutations

You are partially covered in sharp spines.


Message History

The throwing net closely misses Sigmund.
Sigmund points at you and mumbles some strange words.
The magic dart hits you.
Throw: throwing net
Press: ? - help, Q - select action Shift-Dir - straight line, f/p - Sigmund
Aim: Sigmund, wielding a +0 scythe and wearing a +0 robe (weak-willed, 55% to hit)
You throw a throwing net.
The throwing net closely misses Sigmund.
Sigmund gestures at you while chanting. You resist with significant effort.
There is a stone staircase leading down here.
Sigmund casts a spell at you.
The puff of flame hits you but does no damage.
Sigmund gestures wildly while chanting.
Sigmund flickers and vanishes!
Deactivating autopickup; reactivate with Ctrl-A.
You start resting.
There is a strange disturbance nearby!
You feel your willpower return.
You start resting.
There is a strange disturbance nearby!
There is a strange disturbance nearby!
No target in view!
No target in view!
Something hits you.
Your chain mail prevents you from hitting something.
Something hits you but does no damage.
You closely miss something. Something hits you.
* * * LOW HITPOINT WARNING * * *
You thump something!
You hear some strange, mumbled words.
A magic dart appears from out of thin air!
The magic dart hits you but does no damage.
Something hits you but does no damage.
You barely miss something. Something hits you!
* * * LOW HITPOINT WARNING * * *
You closely miss something. Something hits you.
* * * LOW HITPOINT WARNING * * *
You miss something. Something hits you!
You die...

.#.#####..#....##.#
..........####.##.#
..........# #..†.#
..........# ######
#.........#
#.........######
#...........#..##
#........##.#...#
###........##.##@.#
........{..##..{..#
...........######.#
...........# #.###
....###.##.###
#...#
.............#
###.#
.............#
#...#
.............#
#.###
.............# #.#


There were no monsters in sight!

Vanquished Creatures
  A dart slug (D:2)
  A ball python (D:1)
  A bat (D:2)
  4 endoplasms
  3 giant cockroaches
  2 goblins (D:1)
  3 hobgoblins
  4 jackals (D:1)
  A quokka (D:1)
  2 frilled lizards
  5 kobolds
  3 rats (D:1)
30 creatures vanquished.

Notes
Turn   | Place    | Note
-------+----------+-------------------------------------------
     0 | D:1      | theswoord the Demonspawn Gladiator began the quest for the
                  | Orb.
     0 | D:1      | Reached XP level 1. HP: 16/16 MP: 1/1
    76 | D:1      | Found Oqann's Weapon Boutique.
   179 | D:1      | Reached skill level 3 in Staves
   364 | D:1      | Gained mutation: You are partially covered in sharp spines.
                  | [demonic ancestry]
   364 | D:1      | Reached XP level 2. HP: 22/22 MP: 2/2
   753 | D:2      | Reached XP level 3. HP: 27/27 MP: 3/3
   894 | D:2      | Reached skill level 4 in Staves
   969 | D:2      | Noticed Sigmund
  1033 | D:2      | Mangled by Sigmund

Skill      XL: |  1  2  3 |
---------------+----------+-----
Staves         | 3 4 |  4.0
Fighting       | |  2.0
Throwing       | |  1.7
Dodging        | |  2.6

Action                   || total
-------------------------++-------
Melee: Quarterstaff      ||    62
Throw: Throwing net      ||     3
  Use: Scroll            ||     1
       Potion            ||     1
Armor: Chain mail        ||    34
       Leather armour    ||     4
Dodge: Dodged            ||    22

Levels and vault maps discovered:
D:1:      lightli_arrival_chessboard, layout_loops_cross, serial_shops,
          nicolae_diamond_shop
D:2:      layout_basic, shapermc_ecumenical_altar_starsandcircs,
          minmay_stone_trees_small, uniq_sigmund
